[Event "*** Titled Tuesday Blitz"]
[Site "Chess.com"]
[Date "2021.02.02"]
[Round "7"]
[White "pavelalexandru07"]
[Black "rududuyk"]
[Result "0-1"]
[WhiteElo "2320"]
[BlackElo "2166"]
[TimeControl "180+1"]
[EndTime "11:18:56 PST"]
[Termination "rududuyk won on time"]

1. d4 e6 2. g3 f5 3. Bg2 Nf6 4. Nf3 Be7 5. O-O O-O 6. c4 d6 7. Nc3 Ne4 8. Nd2 Nxc3 9. bxc3 e5 10. e4 Nc6 11. Bb2 f4 12. Rb1 g5 13. Ba1 Qe8 14. f3 fxg3 15. hxg3 Qh5 16. Nb3 Bh3 17. Qe2 Rf7 18. d5 Nb8 19. c5 Nd7 20. cxd6 cxd6 21.
c4 Raf8 22. Bxh3 Qxh3 23. Qg2 Qh5 24. g4 Qh6 25. Rbc1 Bd8 26. c5 dxc5 27. Nd2 c4 28. Nxc4 b5 0-1

[Event "*** Titled Tuesday Blitz"]
[Site "Chess.com"]
[Date "2021.02.02"]
[Round "7"]
[White "salomez"]
[Black "Eternauta2400"]
[Result "0-1"]
[WhiteElo "2204"]
[BlackElo "2440"]
[TimeControl "180+1"]
[EndTime "11:18:56 PST"]
[Termination "Eternauta2400 won on time"]

1. e4 e5 2. Nf3 Nc6 3. Bc4 Nf6 4. d4 exd4 5. e5 d5 6. Bb5 Bb4+ 7. c3 dxc3 8. bxc3 Ba5 9. exf6 Qxf6 10. O-O O-O 11.
Bg5 Qd6 12. c4 dxc4 13. Qxd6 cxd6 14. Bxc4 h6 15. Be3 Ne5 16. Nxe5 dxe5 17. Nd2 a6 18. Nb3 b5 19. Nxa5 bxc4 20. Nxc4 f5 21. Nxe5 f4 22.
Bc5 Rf5 23. Rfe1 Bb7 24. f3 Re8 25. Bd4 Rg5 26. a4 h5 27. Kf2 h4 28. Rab1 Ba8 29.
Rb6 h3 30. gxh3 Rh5 31. Ng4 Rd8 32. Rg1 Rxh3 33. Rb4 Rxf3+ 34. Ke2 Re8+ 0-1

[Event "*** Titled Tuesday Blitz"]
[Site "Chess.com"]
[Date "2021.02.02"]
[Round "7"]
[White "LamaChampetre"]
[Black "ChelsieMonica"]
[Result "0-1"]
[WhiteElo "2222"]
[BlackElo "2385"]
[TimeControl "180+1"]
[EndTime "11:18:57 PST"]
[Termination "ChelsieMonica won on time"]

1. d4 Nf6 2. c4 c5 3. d5 e5 4. Nc3 d6 5. h3 Be7 6. e4 O-O 7. Be2 a6 8. g4 b5 9. cxb5 axb5 10. Bxb5 Ba6 11. Bxa6 Nxa6 12. Nge2 Nb4 13. O-O h5 14. f3 c4 15. Be3 Qd7 16. Ng3 g6 17.
Kh2 h4 18. Nh1 Rfb8 19. Nf2 Nh7 20. Qe2 Rc8 21. a3 Na6 22. f4 exf4 23. Bxf4 Nc5 24. Qxc4 Ng5 25. Qe2 Rab8 26. Nd3 Nb3 27. Bxg5 Bxg5 28.
Rad1 Re8 29. Qf2 Rbc8 30. Nb4 Rc4 31. Nc6 Nc5 32. e5 dxe5 33. Rde1 Nd3 34. Qf3 Nxe1 35. Rxe1 Rf4 36. Qe2 e4 37. Kg2 f5 38. Qc4 Kh7 39. d6 fxg4 0-1

[Event "*** Titled Tuesday Blitz"]
[Site "Chess.com"]
[Date "2021.02.02"]
[Round "7"]
[White "reniite"]
[Black "mshuaau0"]
[Result "0-1"]
[WhiteElo "2001"]
[BlackElo "2269"]
[TimeControl "180+1"]
[EndTime "11:18:59 PST"]
[Termination "mshuaau0 won on time"]

1. e4 e5 2. Nf3 Nc6 3. Bc4 Nf6 4.
d3 Be7 5. c3 d6 6. Nbd2 O-O 7.
Nf1 a6 8. a4 Be6 9. Bb3 Bxb3 10. Qxb3 b6 11. Ng3 d5 12. O-O Na5 13. Qc2 Nc6 14.
Nf5 Re8 15. Bg5 h6 16. Nxe7+ Qxe7 17. Bxf6 Qxf6 18. exd5 Ne7 19. c4 Nf5 20. Rfe1 g5 21. Qc3 Nd4 22. Nxd4 exd4 23. Qd2 a5 24. b3 Rad8 25.
Re4 Rxe4 26. dxe4 Qe5 27. Qd3 Re8 28. f3 f5 29. exf5 Kg7 30. Rd1 Qe3+ 31. Qxe3 Rxe3 32. Rb1 Kf6 33. Kf2 Kxf5 34. g3 Rc3 35. Rb2 Ke5 36. Ke2 Kd6 37. h4 Kc5 38. hxg5 hxg5 39. f4 Rxg3 40.
Kf2 gxf4 41. Ke2 Kb4 42. Kf2 Kc3 43. Re2 d3 44. Re7 d2 45. Ke2 Rg1 0-1

[Event "*** Titled Tuesday Blitz"]
[Site "Chess.com"]
[Date "2021.02.02"]
[Round "7"]
[White "Taabling"]
[Black "marvinguevara"]
[Result "1-0"]
[WhiteElo "2327"]
[BlackElo "2139"]
[TimeControl "180+1"]
[EndTime "11:19:00 PST"]
[Termination "Taabling won on time"]

1. e4 c5 2. Nf3 Nc6 3. g3 d6 4. Bg2 g6 5. O-O Bg7 6. c3 e5 7.
h3 Nge7 8. Na3 O-O 9. Nc2 d5 10. d3 d4 11. c4 a6 12. Bd2 b5 13. b3 h6 14. Kh2 Kh7 15. Rh1 f5 16. Nh4 f4 17. gxf4 exf4 18. Nf3 Ne5 19. Nce1 N7c6 20.
Kg1 Be6 21. Qe2 Qd7 22. Nxe5 Nxe5 23. Nf3 bxc4 24. bxc4 Rab8 25. Be1 Qa4 26. Nxe5 Bxe5 27. Bf3 Qa3 28. Bg4 Bg8 29. h4 Rb2 30. Qf3 Rxa2 31.
Rxa2 Qxa2 32. h5 g5 33. Bf5+ Kg7 34. Kg2 Qa4 35. Bd2 Qc6 36. Rb1 Kh8 37. Ba5 Be6 38.
Rb6 Qxb6 39. Bxb6 g4 40. Qd1 f3+ 41. Kf1 Bxf5 42. exf5 Rb8 43. Bxc5 Rb2 44. Qa1 Rc2 45.
Bxd4 1-0

[Event "*** Titled Tuesday Blitz"]
[Site "Chess.com"]
[Date "2021.02.02"]
[Round "7"]
[White "SGchess01"]
[Black "Rud_Makarian"]
[Result "0-1"]
[WhiteElo "2817"]
[BlackElo "2918"]
[TimeControl "180+1"]
[EndTime "11:19:01 PST"]
[Termination "Rud_Makarian won by resignation"]

1. e4 e5 2. Nf3 Nc6 3. Bb5 Nf6 4. O-O Nxe4 5. d4 Nd6 6. Bxc6 dxc6 7. dxe5 Nf5 8.
Qxd8+ Kxd8 9. h3 Be7 10. Nc3 Nh4 11. Nxh4 Bxh4 12. Be3 Be6 13. Rad1+ Kc8 14. b3 h5 15. Ne2 Be7 16. Nd4 Bd7 17. Rfe1 c5 18. e6 fxe6 19. Nxe6 Bxe6 20. Bf4 Rd8 21. Rxd8+ Kxd8 22. Rxe6 Kd7 23. Re4 Bf6 24. Kf1 Kc6 25. Ke2 b5 26.
Re6+ Kd5 27. Ra6 c6 28. Kd3 c4+ 29. bxc4+ bxc4+ 30. Ke2 Bd4 31. Be3 Re8 32. Ra5+ c5 33. Rxa7 c3 34. Kd3 c4+ 35. Ke2 Bxa7 0-1

[Event "*** Titled Tuesday Blitz"]
[Site "Chess.com"]
[Date "2021.02.02"]
[Round "7"]
[White "remi04"]
[Black "BabyBoss31"]
[Result "1-0"]
[WhiteElo "2619"]
[BlackElo "2346"]
[TimeControl "180+1"]
[EndTime "11:19:01 PST"]
[Termination "remi04 won by resignation"]

1. e4 c6 2. c4 d5 3. exd5 cxd5 4. cxd5 Nf6 5. Bb5+ Nbd7 6. Nf3 g6 7. O-O Bg7 8. d6 e6 9. d4 O-O 10. Nc3 Nb6 11. Bf4 Nfd5 12. Be5 Bd7 13. Bd3 Bc6 14. Rc1 Nc8 15. Ne4 f6 16. Bg3 f5 17.
Nc5 Re8 18. Re1 Nxd6 19. Nxe6 Qd7 20. Nxg7 Kxg7 21. Ne5 Qc7 22. Nxc6 bxc6 23. Be5+ Kf7 24. Qb3 Qd7 25. Qa3 Nb5 26. Qc5 Rac8 27. a4 Nbc7 28. Qxa7 Ra8 29. Qc5 Ne6 30. Qa3 Qa7 31. Rxc6 Qxa4 32.
Qxa4 Rxa4 33. Bc4 Rd8 34. b3 Rb4 35. Bd6 Rxc4 36. bxc4 Nxd4 37. Rc5 Rxd6 38. Rxd5 Rxd5 39. cxd5 Nb5 40. Rb1 Nd6 41. Rb6 Ke7 42. f3 Nf7 43. Rb7+ Kf6 44. Kf2 h6 45. Ke3 Nd6 46. Rd7 Ke5 47. Rxd6 Kxd6 48. Kd4 g5 49. g3 h5 50. f4 h4 51. fxg5 f4 52. gxf4 1-0

[Event "*** Titled Tuesday Blitz"]
[Site "Chess.com"]
[Date "2021.02.02"]
[Round "7"]
[White "Grieve72"]
[Black "c_r_e_e_p_e_r"]
[Result "0-1"]
[WhiteElo "2495"]
[BlackElo "2384"]
[TimeControl "180+1"]
[EndTime "11:19:02 PST"]
[Termination "c_r_e_e_p_e_r won by checkmate"]

1. e4 c5 2. Nf3 e6 3. d4 cxd4 4.
Nxd4 a6 5. c4 Qc7 6. Nc3 Nf6 7.
a3 b6 8. Be2 Bb7 9. f3 d6 10. O-O Be7 11. Be3 O-O 12. Qd2 Nbd7 13. Kh1 Rac8 14. b4 b5 15. cxb5 Qxc3 16. bxa6 Qxd2 17.
Bxd2 Ba8 18. a4 d5 19. exd5 Nxd5 20. b5 Bf6 21. Nb3 Bxa1 22. Rxa1 Nc5 23. Na5 Nb6 24. Bd1 Rfd8 25. Be3 Ncxa4 26. Bxa4 Nxa4 27. Rxa4 Rd1+ 28. Bg1 Rcc1 29. h4 Rxg1+ 30. Kh2 Rh1+ 31. Kg3 Rb1 32.
Rc4 Rhc1 33. Rxc1 Rxc1 34. b6 Rb1 35. b7 Bxb7 36. axb7 Kf8 37. Kf4 Ke8 38. Nc4 Rb4 39. Ke5 Ke7 40. Nd6 f6# 0-1

[Event "*** Titled Tuesday Blitz"]
[Site "Chess.com"]
[Date "2021.02.02"]
[Round "7"]
[White "davigator"]
[Black "Pintacara"]
[Result "1-0"]
[WhiteElo "2341"]
[BlackElo "2483"]
[TimeControl "180+1"]
[EndTime "11:19:02 PST"]
[Termination "davigator won by resignation"]

1. e4 c5 2. Nf3 e6 3. d4 cxd4 4. Nxd4 a6 5. g3 Nc6 6. Bg2 Qc7 7. O-O Nf6 8. Nc3 h5 9. Nxc6 dxc6 10. Bg5 e5 11. h3 Be6 12. a4 Rd8 13. Qe2 b5 14.
axb5 axb5 15. Qe3 Be7 16. Ra7 Qb8 17. Rfa1 c5 18. Bxf6 gxf6 19. Nd5 Bxd5 20. exd5 Bd6 21. Qf3 Rh6 22. h4 Kf8 23. Qe3 Kg7 24. Bh3 Bc7 25.
Be6 fxe6 26. Qxc5 Rc8 27. Qe7+ Kh8 28. d6 Rh7 29. Qxf6+ Kg8 30. Qxe6+ Kf8 31. dxc7 Rhxc7 32. Qh6+ Kg8 33. Qg5+ Kf8 34. Qf5+ Kg8 35. R7a6 Rf7 36.
Rg6+ Kf8 37. Qxh5 Ke7 38. Qg5+ Kd7 39. Qg4+ Ke7 40. Qe6+ Kf8 41. Qg4 Qc7 42. Rg8+ Ke7 43. Rxc8 1-0

[Event "*** Titled Tuesday Blitz"]
[Site "Chess.com"]
[Date "2021.02.02"]
[Round "7"]
[White "eldur16"]
[Black "kekic76"]
[Result "1-0"]
[WhiteElo "2524"]
[BlackElo "2386"]
[TimeControl "180+1"]
[EndTime "11:19:03 PST"]
[Termination "eldur16 won by checkmate"]

1. Nf3 d5 2. g3 Nf6 3. Bg2 c6 4.
O-O Bf5 5. d3 e6 6. Nbd2 h6 7.
Qe1 Be7 8. e4 Bh7 9. Qe2 O-O 10.
Re1 a5 11. e5 Nfd7 12. Nf1 c5 13. h4 Nc6 14. N1h2 Nd4 15. Nxd4 cxd4 16. b3 Rc8 17. Bb2 Qb6 18. a3 Rc6 19. Nf3 Bc5 20. Reb1 Bg6 21. b4 axb4 22. axb4 Be7 23. Bxd4 Qc7 24. c3 b5 25. Ra7 Qc8 26. Rba1 Re8 27. Nd2 Nb6 28. h5 Bh7 29. Nb3 Na4 30. Na5 Rc7 31.
Rxc7 Qxc7 32. Ra3 Rc8 33. Kh2 Bf8 34. f4 Be7 35. g4 f5 36. Bh3 Rf8 37. Qd2 Qc8 38.
Ra1 fxg4 39. Bxg4 Bf5 40. Bf3 Kh7 41. Rg1 Bd8 42. Nb3 Be7 43. Qg2 Qe8 44. Qxg7# 1-0

[Event "*** Titled Tuesday Blitz"]
[Site "Chess.com"]
[Date "2021.02.02"]
[Round "7"]
[White "zeitnot2006"]
[Black "benko_008"]
[Result "0-1"]
[WhiteElo "2537"]
[BlackElo "2410"]
[TimeControl "180+1"]
[EndTime "11:19:04 PST"]
[Termination "benko_008 won on time"]

1. e4 c5 2. Nf3 Nc6 3. g3 e6 4.
d3 Nf6 5. Bg2 d5 6. Nbd2 g6 7.
O-O Bg7 8. Qe2 O-O 9. c3 e5 10. exd5 Nxd5 11. Nc4 Re8 12. a4 Bg4 13. h3 Bf5 14. Rd1 Qd7 15. g4 Be6 16. Be3 b6 17. Ng5 Rad8 18. Nxe6 Qxe6 19. Qf3 h6 20. Rd2 Nxe3 21. fxe3 Ne7 22. e4 g5 23. Ne3 Ng6 24.
Nf5 Nf4 25. Bf1 Bf8 26. Kh2 Be7 27. a5 Kh7 28. axb6 axb6 29. Ra7 Ra8 30. Rc7 Rac8 31. Rxc8 Rxc8 32. Qe3 Bf6 33. b4 cxb4 34. cxb4 Rc1 35. Bg2 Rc3 36. Bf1 Qc6 37. Qf3 Qa4 38. h4 gxh4 39.
Qe3 Qxb4 40. Ra2 Bg5 0-1

[Event "*** Titled Tuesday Blitz"]
[Site "Chess.com"]
[Date "2021.02.02"]
[Round "7"]
[White "Zmeeed63"]
[Black "chegueps"]
[Result "1-0"]
[WhiteElo "2388"]
[BlackElo "2495"]
[TimeControl "180+1"]
[EndTime "11:19:05 PST"]
[Termination "Zmeeed63 won by resignation"]

1. d4 Nf6 2. c4 e6 3. Nc3 Bb4 4.
f3 d5 5. a3 Bxc3+ 6. bxc3 O-O 7.
cxd5 exd5 8. e3 c5 9. Bd3 b6 10. Ne2 Ba6 11. O-O Bxd3 12. Qxd3 Re8 13. Ng3 Nc6 14. Bb2 Na5 15. Rad1 Nc4 16. Bc1 Qd7 17. e4 cxd4 18. cxd4 Qb5 19. e5 Nd7 20. f4 a6 21. f5 Na5 22. Qf3 Nb3 23. Qg4 Nxc1 24. Rxc1 Qa4 25. Nh5 g6 26. e6 Ne5 27. dxe5 Qxg4 28.
Nf6+ Kg7 29. Nxg4 gxf5 30. exf7 Re7 31. Rxf5 Rxf7 32. Rxf7+ Kxf7 33. Rc6 b5 34. Kf2 a5 35. Ke3 a4 36. Rb6 Rc8 37. e6+ Ke7 38. Kf4 Rc4+ 39. Kf5 b4 40. axb4 a3 41. Rb7+ Kd8 42. e7+ 1-0

[Event "*** Titled Tuesday Blitz"]
[Site "Chess.com"]
[Date "2021.02.02"]
[Round "7"]
[White "StockholmMissile"]
[Black "andrzej"]
[Result "0-1"]
[WhiteElo "2488"]
[BlackElo "2297"]
[TimeControl "180+1"]
[EndTime "11:19:05 PST"]
[Termination "andrzej won on time"]

1. e4 c5 2. Nf3 e6 3. c3 d5 4. exd5 Qxd5 5. Na3 Nf6 6. Bc4 Qd8 7. d4 a6 8. Nc2 b5 9. Be2 Bb7 10. a4 c4 11. O-O Nbd7 12. Bg5 Be7 13. Ne3 O-O 14.
Nd2 Nb6 15. axb5 axb5 16. Bxf6 Bxf6 17. Bf3 Rxa1 18. Qxa1 Bxf3 19. Nxf3 Qa8 20. Nd2 Bg5 21. f4 Be7 22. f5 Bg5 23. Qe1 Na4 24. fxe6 fxe6 25.
Rxf8+ Qxf8 26. Nf3 Bf4 27. Nd1 Qf5 28. Qe2 Nb6 29. g3 Bd6 30. Nf2 Nd5 31. Ne4 Be7 32. Ne5 h5 33. Nc6 Bf8 34. Nf2 Bd6 35. Ne4 Bf8 36.
Nf2 h4 37. Qe4 Qf7 38. gxh4 Nf4 0-1

[Event "*** Titled Tuesday Blitz"]
[Site "Chess.com"]
[Date "2021.02.02"]
[Round "7"]
[White "chessmadara"]
[Black "ruvat"]
[Result "1-0"]
[WhiteElo "2162"]
[BlackElo "2317"]
[TimeControl "180+1"]
[EndTime "11:19:05 PST"]
[Termination "chessmadara won on time"]

1. e4 d6 2. d4 Nf6 3. Nc3 g6 4. f4 Bg7 5. Nf3 O-O 6. Be2 c5 7. O-O cxd4 8. Nxd4 Nbd7 9. Be3 a6 10. a4 e5 11. Nb3 exf4 12. Bxf4 Ne5 13. Bg5 Be6 14.
Qd2 Qb6+ 15. Kh1 Ned7 16. a5 Qc7 17. Rad1 Bxb3 18. cxb3 Qxa5 19. h4 Rfe8 20. Qxd6 h6 21. Bxf6 Nxf6 22. Rxf6 Rad8 23. Qf4 Rxd1+ 24. Bxd1 Bxf6 25.
Qxf6 Qd8 26. Qf4 Kg7 27. Be2 Qf6 28. Qg3 Qe5 29. Qf2 Rd8 30. Bc4 Rd7 31. Bd5 f6 32. Qb6 h5 33. Qa7 1-0

[Event "*** Titled Tuesday Blitz"]
[Site "Chess.com"]
[Date "2021.02.02"]
[Round "7"]
[White "Beca95"]
[Black "vinniethepooh"]
[Result "1-0"]
[WhiteElo "2894"]
[BlackElo "2725"]
[TimeControl "180+1"]
[EndTime "11:19:07 PST"]
[Termination "Beca95 won on time"]

1. d4 Nf6 2. c4 c6 3. Nc3 d5 4. Nf3 e6 5. Qd3 dxc4 6. Qxc4 b5 7. Qd3 Bb7 8. g4 b4 9. Na4 c5 10. g5 Ne4 11. Ne5 Qa5 12. b3 Nxf2 13. Kxf2 Bxh1 14. e4 cxd4 15. Bf4 f6 16. gxf6 gxf6 17. Ng4 Nd7 18.
Qb5 Qd8 19. Bd3 f5 20. exf5 Qh4+ 21. Bg3 Qxg4 22. Rxh1 Bh6 23. Kg2 Rd8 24. Nc5 Be3 25. Nxe6 h5 26. h3 Qg8 27. Kh2 h4 28. Bd6 Kf7 29.
Nxd8+ Kf6 30. Qxd7 Bf2 31. Be7+ 1-0

[Event "*** Titled Tuesday Blitz"]
[Site "Chess.com"]
[Date "2021.02.02"]
[Round "7"]
[White "Grineva_Marianna"]
[Black "cstevens1"]
[Result "0-1"]
[WhiteElo "2237"]
[BlackElo "2664"]
[TimeControl "180+1"]
[EndTime "11:19:07 PST"]
[Termination "cstevens1 won by resignation"]

1. e4 c5 2. Nf3 e6 3. d4 cxd4 4.
Nxd4 a6 5. Bd3 Bc5 6. Nb3 Be7 7. Qg4 g6 8. Qe2 Qc7 9. c4 Nc6 10. O-O Ne5 11. Bf4 d6 12. Nc3 Nf6 13. Bh6 Nfg4 14. Bf4 O-O 15. h3 Nf6 16. Bh6 Re8 17. f4 Nxd3 18. Qxd3 Bd7 19. Rae1 Rad8 20. f5 b5 21. cxb5 axb5 22. fxg6 fxg6 23. Qd4 Qc4 24. Rf2 Qxd4 25. Nxd4 b4 26. Ncb5 e5 27. Bg5 exd4 28. Nc7 Rf8 29. Bxf6 Bxf6 30. Nd5 Bh4 31. Rxf8+ Rxf8 32. Rc1 Be6 33.
Rd1 Bxd5 34. exd5 Bf2+ 35. Kh2 Be3 36. Rd3 Ra8 37. Rb3 Rxa2 38. Rxb4 Kg7 39. Rb6 d3 40. Rb7+ Kf6 41. Rb3 d2 42. Rd3 Rxb2 43. Kg3 Rb1 44. Kf3 d1=Q+ 45. Rxd1 Rxd1 46. Kxe3 Rxd5 47. Ke4 Ra5 48.
g4 Ke6 49. Kf4 Ra4+ 50. Kg5 d5 51. Kh6 Ra7 52. h4 Ke5 53. g5 Kf5 54. h5 gxh5 55. Kxh5 Rg7 56. Kh6 Rxg5 57. Kxh7 Kf6 0-1

[Event "*** Titled Tuesday Blitz"]
[Site "Chess.com"]
[Date "2021.02.02"]
[Round "7"]
[White "horripile"]
[Black "Mikhail_Golubev"]
[Result "1-0"]
[WhiteElo "2715"]
[BlackElo "2530"]
[TimeControl "180+1"]
[EndTime "11:19:09 PST"]
[Termination "horripile won on time"]

1. e4 c5 2. Nf3 d6 3. Bb5+ Bd7 4. a4 a6 5. Bxd7+ Nxd7 6. a5 Ngf6 7. Qe2 g6 8. O-O Bg7 9. d3 O-O 10. Nbd2 Nb8 11.
Nc4 Nc6 12. Bd2 e5 13. Bg5 h6 14. Bxf6 Bxf6 15. c3 Re8 16. Nfd2 Bg7 17. Qd1 Rb8 18.
Qb3 d5 19. exd5 Qxd5 20. Ne3 Qxd3 21. Ndc4 Nd4 22. Qa2 Nf5 23. Rad1 Qe4 24. Nxf5 Qxf5 25.
Rd6 e4 26. Rfd1 Be5 27. R6d5 Qf4 28. g3 Qf3 29. Re1 Bg7 30. Nd6 Re6 31. Re3 Qg4 32.
Kg2 Rf6 33. Nxe4 Rc6 34. Nxc5 1-0

[Event "*** Titled Tuesday Blitz"]
[Site "Chess.com"]
[Date "2021.02.02"]
[Round "7"]
[White "Goryachkina"]
[Black "PriSachu"]
[Result "0-1"]
[WhiteElo "2647"]
[BlackElo "2495"]
[TimeControl "180+1"]
[EndTime "11:19:10 PST"]
[Termination "PriSachu won on time"]

1. e4 e5 2. Nf3 Nc6 3. d4 exd4 4. Nxd4 Qf6 5. Be3 Bc5 6. c3 Nge7 7. Bc4 b6 8. O-O Bb7 9. Qd2 O-O-O 10. b4 d5 11.
bxc5 dxc4 12. cxb6 axb6 13. a4 Na5 14. Bg5 Qd6 15.
Qe3 h6 16. Bf4 Qg6 17. f3 Rhe8 18. Qf2 f5 19. exf5 Nxf5 20. Nb5 Re7 21. Ra2 Nb3 22.
N1a3 Qe6 23. Nc2 g5 24. Bg3 Nxg3 25. Qxg3 Qe5 26. Qxe5 Rxe5 27. Ncd4 Re3 28. Rc2 c6 29. Na7+ Kc7 30. Kf2 Nxd4 31. cxd4 Rd3 0-1

[Event "*** Titled Tuesday Blitz"]
[Site "Chess.com"]
[Date "2021.02.02"]
[Round "7"]
[White "milenapn"]
[Black "JoachimMouhamad"]
[Result "0-1"]
[WhiteElo "2039"]
[BlackElo "2308"]
[TimeControl "180+1"]
[EndTime "11:19:10 PST"]
[Termination "JoachimMouhamad won by resignation"]

1. e4 e5 2. Nf3 Nc6 3. Bb5 a6 4. Ba4 Nf6 5. d3 b5 6. Bb3 Be7 7. O-O O-O 8. c3 h6 9. Nbd2 Re8 10. Re1 Bf8 11. d4 d6 12. h3 Na5 13. Bc2 c5 14. Nf1 cxd4 15. cxd4 Nc6 16. d5 Ne7 17. Ng3 g6 18. Be3 Bg7 19. Qd2 Kh7 20. Nh2 Bb7 21.
f4 exf4 22. Bxf4 Rc8 23. Rac1 Nd7 24. Bb1 Rxc1 25. Rxc1 Ne5 26. b3 Qd7 27. Ngf1 Kg8 28. Bxh6 Rc8 29. Rxc8+ Bxc8 30. Bxg7 Kxg7 31. Ne3 Qc7 32.
h4 Ng8 33. h5 gxh5 34. Bc2 Nf6 35. Nf3 Nxf3+ 36. gxf3 Qc5 37. Kf2 h4 38. Kg2 h3+ 39. Kh2 a5 40. f4 Qxe3 41. Qxe3 Ng4+ 0-1

[Event "*** Titled Tuesday Blitz"]
[Site "Chess.com"]
[Date "2021.02.02"]
[Round "7"]
[White "Grandmaster2B"]
[Black "zacachess"]
[Result "1/2-1/2"]
[WhiteElo "2586"]
[BlackElo "2437"]
[TimeControl "180+1"]
[EndTime "11:19:11 PST"]
[Termination "Game drawn by repetition"]

1. e4 c5 2. Nf3 d6 3. d4 cxd4 4. Nxd4 Nf6 5. Nc3 a6 6. f3 e5 7.
Nb3 Be7 8. Be3 O-O 9. Qd2 Be6 10. O-O-O a5 11. Kb1 a4 12. Nc1 a3 13. b3 Ra5 14. g4 d5 15. g5 d4 16. gxf6 Bxf6 17. Qe1 Nd7 18. Bd2 dxc3 19. Bxc3 Ra8 20. Bb5 Qc7 21.
Bb4 Rfc8 22. Qd2 Bg5 23. Qe2 Nf6 24. c4 Nh5 25. Bd6 Qb6 26. Bxe5 Nf4 27. Qd2 Nh3 28. f4 Bh6 29. Bd4 Qc7 30. Be5 Qxe5 31. fxe5 Bxd2 32.
Rxd2 Ng5 33. Re2 Rd8 34. Rf1 Rd4 35. Rf4 Rad8 36. c5 Nh3 37. Rh4 Ng5 38. Kc2 Nf3 39. Rf4 Nxe5 40. Rff2 Ng4 41. Rf3 Ne5 42. Rff2 Ng4 43.
Rf3 Ne5 44. Rff2 1/2-1/2

[Event "*** Titled Tuesday Blitz"]
[Site "Chess.com"]
[Date "2021.02.02"]
[Round "7"]
[White "Natalya_Buksa"]
[Black "MF1966Idrisov"]
[Result "1-0"]
[WhiteElo "2556"]
[BlackElo "2392"]
[TimeControl "180+1"]
[EndTime "11:19:12 PST"]
[Termination "Natalya_Buksa won on time"]

1. d4 d5 2. Nc3 Nf6 3. Bf4 c6 4. e3 Bf5 5. Nf3 e6 6. Ne5 Nbd7 7. g4 Bg6 8. h4 h5 9. Nxg6 fxg6 10. Bd3 Kf7 11. g5 Ne8 12. Qf3 Ke7 13. Bxg6 Nd6 14.
O-O-O Nb6 15. e4 Kd7 16. Bxd6 Bxd6 17. exd5 cxd5 18. Bxh5 Nc4 19. Bg4 Qb6 20. Na4 Qa6 21.
Qb3 b5 22. Nc5+ Bxc5 23. dxc5 Kc7 24. Rhe1 Rae8 25. h5 Rhf8 26. Kb1 Qc6 27. h6 gxh6 28. gxh6 Qxc5 29. Qg3+ e5 30. h7 Re7 31. Rh1 Qb4 32.
b3 Nd2+ 33. Kb2 Ne4 34. Qe3 Nxf2 35. Qxa7+ Kc6 36. Rh6+ 1-0

[Event "*** Titled Tuesday Blitz"]
[Site "Chess.com"]
[Date "2021.02.02"]
[Round "7"]
[White "gumimis"]
[Black "JiiHart"]
[Result "1-0"]
[WhiteElo "2325"]
[BlackElo "2117"]
[TimeControl "180+1"]
[EndTime "11:19:13 PST"]
[Termination "gumimis won by resignation"]

1. e4 e5 2. Nf3 Nc6 3. Bb5 a6 4. Ba4 Nf6 5. O-O Nxe4 6. Re1 Nc5 7. Nxe5 Be7 8. Bxc6 dxc6 9. d4 Ne6 10. c3 O-O 11.
Be3 f6 12. Nf3 Kh8 13. Nbd2 Bd7 14. Qc2 Bd6 15. Re2 Nf4 16. Bxf4 Bxf4 17. Rae1 Re8 18. Rxe8+ Bxe8 19. Qe4 Bd6 20. Nc4 Bg6 21. Qe6 Qe8 22. Nxd6 Qxe6 23. Rxe6 cxd6 24. Rxd6 Be4 25. Nd2 Bd5 26.
c4 Bg8 27. f3 Rb8 28. Kf2 h6 29. b3 Kh7 30. Ne4 Kg6 31. Rd7 Be6 32. Re7 Bg8 33. Nc5 b5 34. Nxa6 Ra8 35. cxb5 cxb5 36. Nb4 Rc8 37.
d5 Rc1 38. d6 Rd1 39. d7 1-0

[Event "*** Titled Tuesday Blitz"]
[Site "Chess.com"]
[Date "2021.02.02"]
[Round "7"]
[White "OMGCovid-19"]
[Black "mr65"]
[Result "1-0"]
[WhiteElo "1967"]
[BlackElo "2109"]
[TimeControl "180+1"]
[EndTime "11:19:13 PST"]
[Termination "OMGCovid-19 won by resignation"]

1. e4 e5 2. Nf3 Nc6 3. Bc4 Nf6 4. d3 Bc5 5. c3 O-O 6. Bb3 d5 7. Qe2 h6 8. Nbd2 Re8 9. h3 dxe4 10. dxe4 b6 11.
Nf1 Bb7 12. Ng3 Ne7 13. O-O Ng6 14. Nf5 Bxe4 15. Rd1 Bxf5 16. Rxd8 Raxd8 17. Be3 Bd3 18. Qe1 Bxe3 19. Qxe3 e4 20. Nd4 c5 21. Nf5 c4 22.
Bd1 Re5 23. Nd4 b5 24. Bc2 a5 25. Re1 Nd5 26. Qc1 b4 27. Nc6 Rde8 28. Nxe5 Nxe5 29. Bd1 bxc3 30. bxc3 Re6 31. Qa3 Nf4 32. Qxa5 Neg6 33. Qd8+ Kh7 34. a4 Rf6 35. a5 Nh4 36. Qxf6 gxf6 37.
g3 Nxh3+ 38. Kh2 Nxf2 39. gxh4 Nxd1 40. Rxd1 e3 41. Kg3 Be4 42. Kf4 e2 43. Re1 1-0

[Event "*** Titled Tuesday Blitz"]
[Site "Chess.com"]
[Date "2021.02.02"]
[Round "7"]
[White "Jumbo"]
[Black "Susal_De_Silva"]
[Result "1-0"]
[WhiteElo "2820"]
[BlackElo "2605"]
[TimeControl "180+1"]
[EndTime "11:19:14 PST"]
[Termination "Jumbo won by resignation"]

1. e3 Nf6 2. Nf3 d5 3. b3 g6 4. Bb2 Bg7 5. c4 c6 6. Be2 O-O 7. O-O b6 8. d4 Bb7 9. Nc3 Nbd7 10. Rc1 Rc8 11. Rc2 c5 12. Nxd5 Nxd5 13. cxd5 Bxd5 14.
dxc5 Nxc5 15. Bxg7 Kxg7 16. b4 Bxf3 17. Bxf3 Qxd1 18.
Rxd1 Ne6 19. Rdc1 Rxc2 20. Rxc2 Rd8 21. h4 Kf6 22. g4 Ke5 23. g5 h6 24. Bg4 hxg5 25. hxg5 Rd6 26. f4+ Ke4 27. Kf2 f6 28. gxf6 exf6 29. Ke2 a5 30. bxa5 bxa5 31. Rb2 g5 32.
Bf3+ Kf5 33. Rb5+ Kg6 34. f5+ Kf7 35. fxe6+ Kxe6 36. Rxa5 f5 37. Rc5 Rd8 38. a4 g4 39.
Bg2 Rb8 40. Rc2 Rb2 41. Rxb2 1-0

[Event "*** Titled Tuesday Blitz"]
[Site "Chess.com"]
[Date "2021.02.02"]
[Round "7"]
[White "Julianos82"]
[Black "EmirhanTarlabasi"]
[Result "1-0"]
[WhiteElo "2325"]
[BlackElo "2476"]
[TimeControl "180+1"]
[EndTime "11:19:15 PST"]
[Termination "Julianos82 won on time"]

1. d4 g6 2. c4 Bg7 3. Nc3 c6 4.
e4 d5 5. cxd5 cxd5 6. Nxd5 e6 7.
Bb5+ Bd7 8. Nc3 Bxb5 9. Nxb5 a6 10. Nc3 Qxd4 11. Qxd4 Bxd4 12. Nf3 Bg7 13. Bf4 Nc6 14. Ke2 Nge7 15. Rhd1 Rd8 16. Rxd8+ Kxd8 17. Rd1+ Kc8 18.
e5 Rd8 19. Rxd8+ Kxd8 20. Kd3 h6 21. h4 b6 22. Ke4 Kd7 23. Be3 Kc7 24. g4 Nb4 25. a3 Nbd5 26. Nxd5+ Nxd5 27. h5 g5 28. Bxg5 hxg5 29. Nxg5 Kd7 30. Nxf7 Ke7 31. Nd6 b5 32. g5 Nb6 33. h6 Bf8 34. f4 Na4 35. f5 exf5+ 36. Kxf5 Nxb2 37. Nc8+ Kf7 38. e6+ Ke8 39. Kf6 Nc4 40. h7 Bg7+ 41. Kxg7 Kd8 42. h8=Q+ Kc7 43.
e7 1-0

[Event "*** Titled Tuesday Blitz"]
[Site "Chess.com"]
[Date "2021.02.02"]
[Round "7"]
[White "Fandorine"]
[Black "EvgenyT"]
[Result "1-0"]
[WhiteElo "2840"]
[BlackElo "2969"]
[TimeControl "180+1"]
[EndTime "11:19:16 PST"]
[Termination "Fandorine won by resignation"]

1. e4 c6 2. d4 d5 3. e5 Bf5 4. h4 h6 5. g4 Bd7 6. Nc3 e6 7. Be3 Ne7 8. h5 Qc7 9. f4 a6 10. Nf3 c5 11. dxc5 Nbc6 12. Ne2 f6 13. Qd2 fxe5 14.
fxe5 Nxe5 15. Nxe5 Qxe5 16. O-O-O Qc7 17. Bg2 O-O-O 18. Rhf1 Nc6 19. Nf4 Ne5 20. Bxd5 Bxc5 21. Bxc5 Qxc5 22. Bxe6 Rhe8 23. Rfe1 Kb8 24. Qd6+ Qxd6 25.
Rxd6 Nf7 26. Rdd1 Bxe6 27. Rxe6 Rxd1+ 28. Kxd1 Rd8+ 29. Ke2 Rd4 30. Ke3 Ra4 31. a3 Ng5 32. Re7 Rc4 33. c3 Rc5 34. Rxg7 Re5+ 35. Kd3 Re4 36. Rxg5 Rxf4 37. Rg6 Kc7 38. Ke3 Rc4 39. Kf3 1-0